 Dungeon Crawl Stone Soup version 0.31-a0-441-g867994ef1c (console) character file.

Game seed: 2972728258874626867

5959 jejorda2 the Grappler (level 10, -15/82 HPs)
             Began as a Gnoll Berserker on Aug 2, 2023.
             Was an Elder of Trog.
             Demolished by a death knight
             ... wielding a +0 halberd
              (17 damage)
             ... on level 9 of the Dungeon.
             The game lasted 00:23:29 (7146 turns).

jejorda2 the Grappler (Gnoll Berserker)             Turns: 7146, Time: 00:23:29

Health: -15/82     AC: 26    Str: 20    XL:     10   Next: 84%
Magic:  18/18      EV:  7    Int:  7    God:    Trog [****..]
Gold:   539        SH:  0    Dex:  4    Spells: 20/20 levels left

rFire   + .          .
                       - Unarmed
rCold   + + .        (no shield)
rNeg    + + .        E - +0 plate armour
rPois   +            t - +2 helmet "Fifyh" {rPois rN++ Dex-5 Slay+2}
rElec   .            m - +2 cloak
rCorr   .            b - +0 pair of gloves
SInv    .            B - +0 pair of boots
Will    +....        (no amulet) Stlth
                     j - ring "Olaph" {rF+ rC++ Will+ Dex-3}
HPRegen 0.33/turn    q - +4 ring of protection
MPRegen 0.16/turn

%: no passive effects
@: on berserk cooldown, slowed, very slow
A: fangs 1, strong nose, distributed training
a: Renounce Religion, Berserk, Trog's Hand, Brothers in Arms


You were on level 9 of the Dungeon.
You worshipped Trog.
Trog was greatly pleased with you.
You visited 1 branch of the dungeon, and saw 9 of its levels.
You also visited: Sewer and Ossuary.

You collected 539 gold pieces.

Inventory:

Hand Weapons
 u - a +1 morningstar
 y - a +0 battleaxe
Missiles
 c - 10 boomerangs
 g - 2 throwing nets
 h - 9 poisoned darts
 w - 3 atropa-tipped darts
Armour
 b - a +0 pair of gloves (worn)
 m - a +2 cloak (worn)
 t - the +2 helmet "Fifyh" (worn) {rPois rN++ Dex-5 Slay+2}
   (You acquired it on level 5 of the Dungeon)

   Dex:       It affects your dexterity (-5).
   Slay:      It affects your accuracy & damage with ranged weapons and melee
   (+2).
   rPois:     It protects you from poison.
   rN:        It greatly protects you from negative energy.
 B - a +0 pair of boots (worn)
 E - a +0 plate armour (worn)
Jewellery
 j - the ring "Olaph" (left hand) {rF+ rC++ Will+ Dex-3}
   (You acquired it on level 5 of the Dungeon)

   [ring of willpower]

   Dex:       It affects your dexterity (-3).
   rF:        It protects you from fire.
   rC:        It greatly protects you from cold.
   Will:      It increases your willpower.
 k - a ring of protection from fire
 q - a +4 ring of protection (right hand)
Wands
 o - a wand of flame (17)
 r - a wand of paralysis (46)
 z - a wand of mindburst (44)
 A - a wand of polymorph (1)
Scrolls
 a - 3 scrolls of identify
 n - a scroll of blinking
 p - a scroll of poison
 v - a scroll of fear
 x - a scroll of immolation
 C - a scroll of brand weapon
 D - 2 scrolls of enchant armour
 F - a scroll of revelation
Potions
 d - a potion of heal wounds
 e - a potion of brilliance
 f - 2 potions of mutation
 i - 2 potions of haste
 l - 2 potions of attraction
 s - a potion of curing
 G - a potion of invisibility
 H - a potion of resistance


   Skills:
 + Level 8.8 Fighting
 + Level 5.7 Short Blades
 + Level 5.7 Long Blades
 + Level 5.7 Axes
 + Level 5.7 Maces & Flails
 + Level 5.7 Polearms
 + Level 5.7 Staves
 + Level 5.7 Ranged Weapons
 + Level 5.7 Throwing
 + Level 7.4 Armour
 + Level 7.4 Dodging
 + Level 5.7 Stealth
 + Level 5.7 Shields
 + Level 8.8 Unarmed Combat
 + Level 5.7 Spellcasting
 + Level 4.7 Conjurations
 + Level 4.7 Hexes
 + Level 4.7 Summonings
 + Level 4.7 Necromancy
 + Level 4.7 Translocations
 + Level 4.7 Transmutations
 + Level 4.7 Fire Magic
 + Level 4.7 Ice Magic
 + Level 4.7 Air Magic
 + Level 4.7 Earth Magic
 + Level 4.7 Poison Magic
 + Level 6.3 Invocations
 + Level 5.7 Evocations
 + Level 4.7 Shapeshifting


You had 20 spell levels left.
You didn't know any spells.
Your spell library was empty.

Dungeon Overview and Level Annotations

Branches:
Dungeon (9/15)             Temple (0/1) D:4            Lair (0/5) D:8
  Sewer (visited)         Ossuary (visited)
    Orc: D:9-12

Altars:
Gozag
Hepliaklqana
Nemelex Xobeh
Qazlal
Ru
Vehumet
Wu Jian
Yredelemnul
Zin


Innate Abilities, Weirdness & Mutations

You have very sharp teeth.
Your uncanny sense of smell can sniff out nearby items.
Your experience applies equally to all skills.


Message History

The death knight hits you from afar with a +0 halberd!
You are engulfed in calcifying dust.
The catoblepas gores you!!
The death knight hits you from afar with a +0 halberd!
* * * LOW HITPOINT WARNING * * *
You are engulfed in calcifying dust.
The catoblepas gores you.
* * * LOW HITPOINT WARNING * * *
The death knight hits you but does no damage.
You are engulfed in calcifying dust.
The death knight's dark mirror aura disappears.
The catoblepas gores you but does no damage.
The death knight hits you from afar with a +0 halberd!
* * * LOW HITPOINT WARNING * * *
You turn to flesh and can move again.
Unknown command.
Unknown command.
Unknown command.
Unknown command.
You are too berserk!
You punch the catoblepas!
The catoblepas is severely wounded.
You punch the catoblepas!
The catoblepas is severely wounded.
The catoblepas gores you!!
* * * LOW HITPOINT WARNING * * *
The death knight hits you but does no damage.
You hit the catoblepas.
The catoblepas is almost dead.
The catoblepas gores you but does no damage.
The death knight completely misses you.
You hit the catoblepas.
The catoblepas is almost dead.
You hit the catoblepas but do no damage.
The catoblepas is almost dead.
You are no longer berserk.
You are exhausted.
You feel yourself slow down.
The catoblepas breathes a plume of calcifying dust at you.
The blast of calcifying dust hits you but does no damage.
The death knight hits you from afar with a +0 halberd!
You die...

#.# #.##.# ## #.#
#....# ... #.# #(/.
....
######)###§#######.#.#
#.......)).§..#.....
#.####.###§##.#...
#)###.##.#p#
#...)....Y.#
#####.###@## ...# #§#
#######§#####.#
#.........<
#=#.#####.. ###.#.#
#.....# #.#.#.#
#.#.#.#


You could see a death knight and a catoblepas.

Vanquished Creatures
  Harold (D:9)
  A death yak (D:8)
  Maurice (D:8)
  Joseph (D:8)
  Grinder (D:5)
  A wyvern (D:8)
  6 yaks (D:9)
  2 wraiths (Ossuary)
  Eustachio (D:6)
  A steam dragon (D:8)
  Menkaure (D:5)
  A vampire mosquito (D:9)
  A water moccasin (D:7)
  Duvessa (D:5)
  A sky beast (D:7)
  An orc warrior (D:9)
  3 black bears
  A centaur (D:9)
  A scorpion (D:7)
  4 bullfrogs
  3 wights (Ossuary)
  Dowan (D:5)
  2 howler monkeys
  4 jellies
  5 orc priests
  Crazy Yiuf (D:4)
  5 iguanas
  4 orc wizards
  A mummy (D:8)
  Robin (D:3)
  A gnoll (D:1)
  8 adders
  2 river rats (D:3)
  A white imp (D:6)
  2 adder zombies (Ossuary)
  3 worms
  2 dart slugs
  29 orcs
  A bat (D:3)
  12 endoplasms
  11 giant cockroaches
  12 goblins
  9 hobgoblins
  2 jackals (D:4)
  3 kobolds
  8 quokkas
  14 ball pythons
  2 ball python skeletons (Ossuary)
  13 frilled lizards
  A hobgoblin zombie (Ossuary)
  An orc skeleton (Ossuary)
  2 orc zombies (Ossuary)
  5 rats
202 creatures vanquished.

Notes
Turn   | Place    | Note
-------+----------+-------------------------------------------
     0 | D:1      | jejorda2 the Gnoll Berserker began the quest for the Orb.
     0 | D:1      | Reached XP level 1. HP: 23/23 MP: 1/1
    57 | D:1      | Found a faded altar of an unknown god.
   120 | D:1      | Reached XP level 2. HP: 29/29 MP: 2/2
   209 | D:1      | Reached XP level 3. HP: 31/35 MP: 3/3
   808 | D:2      | Reached skill level 1 in Invocations
   939 | D:2      | Found a stormy altar of Qazlal.
  1493 | D:3      | Found a glowing drain.
  1515 | D:3      | Reached skill level 1 in Short Blades
  1515 | D:3      | Reached skill level 1 in Long Blades
  1515 | D:3      | Reached skill level 1 in Axes
  1515 | D:3      | Reached skill level 1 in Maces & Flails
  1515 | D:3      | Reached skill level 1 in Polearms
  1515 | D:3      | Reached skill level 1 in Staves
  1515 | D:3      | Reached skill level 1 in Ranged Weapons
  1515 | D:3      | Reached skill level 1 in Throwing
  1515 | D:3      | Reached skill level 1 in Stealth
  1515 | D:3      | Reached skill level 1 in Shields
  1515 | D:3      | Reached skill level 1 in Spellcasting
  1515 | D:3      | Reached skill level 1 in Evocations
  1516 | D:3      | Reached XP level 4. HP: 41/41 MP: 5/5
  1555 | Sewer    | Entered a sewer
  1573 | Sewer    | Reached ** piety under Trog
  1601 | Sewer    | Reached skill level 1 in Conjurations
  1601 | Sewer    | Reached skill level 1 in Hexes
  1601 | Sewer    | Reached skill level 1 in Summonings
  1601 | Sewer    | Reached skill level 1 in Necromancy
  1601 | Sewer    | Reached skill level 1 in Translocations
  1601 | Sewer    | Reached skill level 1 in Transmutations
  1601 | Sewer    | Reached skill level 1 in Fire Magic
  1601 | Sewer    | Reached skill level 1 in Ice Magic
  1601 | Sewer    | Reached skill level 1 in Air Magic
  1601 | Sewer    | Reached skill level 1 in Earth Magic
  1601 | Sewer    | Reached skill level 1 in Poison Magic
  1601 | Sewer    | Reached skill level 1 in Shapeshifting
  1697 | Sewer    | Reached XP level 5. HP: 47/47 MP: 5/7
  1964 | D:3      | Reached *** piety under Trog
  1966 | D:3      | Noticed Robin
  1986 | D:3      | Killed Robin
  1987 | D:3      | Reached XP level 6. HP: 53/53 MP: 8/8
  2200 | D:3      | Reached skill level 5 in Armour
  2200 | D:3      | Reached skill level 5 in Dodging
  2677 | D:4      | Found a staircase to the Ecumenical Temple.
  2900 | D:4      | Found an opulent altar of Gozag.
  3199 | D:4      | Found a runed translucent door.
  3200 | D:4      | Noticed Crazy Yiuf
  3207 | D:4      | Killed Crazy Yiuf
  3437 | D:5      | Entered Level 5 of the Dungeon
  3441 | D:5      | Noticed a black bear
  3453 | D:5      | Reached XP level 7. HP: 59/59 MP: 10/10
  3649 | D:5      | Noticed Duvessa
  3675 | D:5      | Killed Duvessa
  3691 | D:5      | Noticed Dowan
  3701 | D:5      | Identified 2 scrolls of acquirement
  3701 | D:5      | Acquired the +2 helmet "Fifyh" {rPois rN++ Dex-5 Slay+2}
  3706 | D:5      | Acquired the ring "Olaph" {rF+ rC++ Will+ Dex-3}
  3709 | D:5      | Killed Dowan
  3762 | D:5      | Noticed Grinder
  3772 | D:5      | Killed Grinder
  3773 | D:5      | Reached XP level 8. HP: 67/67 MP: 12/12
  3824 | D:5      | Noticed Menkaure
  3832 | D:5      | Killed Menkaure
  4189 | D:6      | Found an ornate altar of the Wu Jian Council.
  4205 | D:6      | Found a stormy altar of Qazlal.
  4228 | D:6      | Found a hazy altar of Hepliaklqana.
  4653 | D:6      | Noticed Eustachio
  4668 | D:6      | Killed Eustachio
  4786 | D:6      | Found a radiant altar of Vehumet.
  4995 | D:7      | Reached XP level 9. HP: 41/73 MP: 14/14
  5155 | D:7      | Reached **** piety under Trog
  5396 | D:7      | Noticed a kobold demonologist
  5396 | D:7      | Noticed a kobold demonologist
  5489 | D:7      | Found a glowing silver altar of Zin.
  5645 | D:8      | Found a basalt altar of Yredelemnul.
  5747 | D:8      | Noticed a death yak
  5748 | D:8      | Found a staircase to the Lair.
  5748 | D:8      | Noticed Maurice
  5772 | D:8      | Killed a death yak
  5773 | D:8      | Reached skill level 5 in Invocations
  5828 | D:8      | Killed Maurice
  5829 | D:8      | Reached XP level 10. HP: 80/80 MP: 17/17
  5859 | D:8      | Found a sacrificial altar of Ru.
  5904 | D:8      | Found a sand-covered staircase.
  5912 | Ossuary  | Entered an ossuary
  6089 | Ossuary  | Reached skill level 5 in Short Blades
  6089 | Ossuary  | Reached skill level 5 in Long Blades
  6089 | Ossuary  | Reached skill level 5 in Axes
  6089 | Ossuary  | Reached skill level 5 in Maces & Flails
  6089 | Ossuary  | Reached skill level 5 in Polearms
  6089 | Ossuary  | Reached skill level 5 in Staves
  6089 | Ossuary  | Reached skill level 5 in Ranged Weapons
  6089 | Ossuary  | Reached skill level 5 in Throwing
  6089 | Ossuary  | Reached skill level 5 in Stealth
  6089 | Ossuary  | Reached skill level 5 in Shields
  6089 | Ossuary  | Reached skill level 5 in Spellcasting
  6089 | Ossuary  | Reached skill level 5 in Evocations
  6261 | D:8      | Noticed Joseph
  6278 | D:8      | Killed Joseph
  6467 | D:8      | Found a sparkling altar of Nemelex Xobeh.
  6618 | D:9      | Noticed Harold
  6648 | D:9      | Killed Harold
  6926 | D:9      | Noticed a four-headed hydra
  6949 | D:9      | Noticed a catoblepas
  6950 | D:9      | Noticed a deep elf pyromancer
  6950 | D:9      | Noticed a boulder beetle
  7133 | D:9      | Noticed a death knight
  7143 | D:9      | HP: 2/123 [catoblepas (23)]
  7146 | D:9      | Demolished by a death knight

Illustrated notes

Levels and vault maps discovered:
D:1:      minmay_arrival_diagonal_passages, layout_loops_ring,
          shapermc_ecumenical_altar_hornbeckon, corner_web_ring
D:2:      layout_basic, basic_altar, nicolae_wormholes
D:3:      layout_basic, portal_sewer_entry_a, uniq_robin
D:4:      layout_loops_ring, grunt_gozag_statues, minmay_temple_entry_arrows,
          uniq_crazy_yiuf_cottage
D:5:      layout_cave_pools, uniq_grinder, uniq_duvessa, uniq_menkaure
D:6:      layout_basic, nicolae_overflow_macrodata_refinement,
          minmay_misc_feat_cross, uniq_eustachio
D:7:      layout_rooms, general_overflow_altar, lightli_corner_chamber
D:8:      layout_cave_pools, nicolae_ru_sacrificial_ziggurat,
          lemuel_crystal_altar, mainiacjoe_overflow_cross_hatched,
          david_lair_generic, gup_ossuary_entry_pyramid, uniq_maurice,
          uniq_joseph
D:9:      layout_loops_ring, minivault_28, uniq_harold

Skill      XL: |  1  2  3  4  5  6  7  8  9 10 |
---------------+-------------------------------+-----
Invocations    | 1 2 3 4 5 6 |  6.3
Short Blades   | 1 2 3 4 5 |  5.7
Long Blades    | 1 2 3 4 5 |  5.7
Axes           | 1 2 3 4 5 |  5.7
Maces & Flails | 1 2 3 4 5 |  5.7
Polearms       | 1 2 3 4 5 |  5.7
Staves         | 1 2 3 4 5 |  5.7
Ranged Weapons | 1 2 3 4 5 |  5.7
Throwing       | 1 2 3 4 5 |  5.7
Stealth        | 1 2 3 4 5 |  5.7
Shields        | 1 2 3 4 5 |  5.7
Spellcasting   | 1 2 3 4 5 |  5.7
Evocations     | 1 2 3 4 5 |  5.7
Conjurations   | 1 2 3 4 |  4.7
Hexes          | 1 2 3 4 |  4.7
Summonings     | 1 2 3 4 |  4.7
Necromancy     | 1 2 3 4 |  4.7
Translocations | 1 2 3 4 |  4.7
Transmutations | 1 2 3 4 |  4.7
Fire Magic     | 1 2 3 4 |  4.7
Ice Magic      | 1 2 3 4 |  4.7
Air Magic      | 1 2 3 4 |  4.7
Earth Magic    | 1 2 3 4 |  4.7
Poison Magic   | 1 2 3 4 |  4.7
Shapeshifting  | 1 2 3 4 |  4.7
Armour         | 5 6 7 |  7.4
Dodging        | 5 6 7 |  7.4
Fighting       | 7 8 |  8.8
Unarmed Combat | 7 8 |  8.8

Action                     |  1- 3 |  4- 6 |  7- 9 | 10-12 || total
---------------------------+-------+-------+-------+-------++-------
  Melee: Unarmed           |    70 |   239 |   233 |   189 ||   731
         Punch             |     3 |     7 |     5 |    10 ||    25
         Bite              |    10 |    20 |    21 |    31 ||    82
 Invoke: Berserk           |     1 |     3 |     4 |     2 ||    10
         Trog's Hand       |       |     1 |     4 |     2 ||     7
    Use: Scroll            |    10 |       |     7 |     6 ||    23
         Potion            |       |       |     4 |       ||     4
   Stab: Sleeping          |     2 |       |       |       ||     2
 Armour: Animal skin       |     1 |       |       |       ||     1
         Scale mail        |    14 |    54 |       |       ||    68
         Chain mail        |       |    54 |   148 |    76 ||   278
         Skin              |       |       |     3 |       ||     3
         Plate armour      |       |       |       |    30 ||    30
  Dodge: Dodged            |    23 |   132 |    85 |    49 ||   289

Table legend: (Time is in decaauts)
 A = Elapsed time spent in this place.
 B = Non-inter-level travel time spent in this place.
 C = Inter-level travel time spent in this place.
 D = Time resting spent in this place.
 E = Time spent auto-exploring this place.
 F = Levels seen in this place.
 G = Mean time per level.
                   A        B        C        D        E       F      G
               +--------+--------+--------+--------+--------+-----+--------+
         Total |   7200 |   7060 |    140 |    245 |   4959 |  11 |  654.5 |
       Dungeon |   6480 |   6340 |    140 |    245 |   4611 |   9 |  720.0 |
         Sewer |    432 |    432 |      0 |      0 |    193 |   1 |  432.0 |
       Ossuary |    287 |    287 |      0 |      0 |    154 |   1 |  287.0 |
               +--------+--------+--------+--------+--------+-----+--------+

Top non-repeatable levels by time:
     D:3: 915 daAuts
     D:6: 863 daAuts
     D:4: 825 daAuts
     D:1: 770 daAuts
     D:7: 679 daAuts
     D:8: 648 daAuts
     D:2: 615 daAuts
     D:5: 612 daAuts
     D:9: 550 daAuts
   Sewer: 432 daAuts
 Ossuary: 287 daAuts
